 Dungeon Crawl Stone Soup version 0.30.1 (webtiles) character file.

Game seed: 8954785258864902848

38 spardeous the Digger (level 3, -1/14 HPs)
             Began as a Felid Earth Elementalist on July 14, 2023.
             Slain by Pargi (4 damage)
             ... in a sewer.
             The game lasted 00:03:13 (999 turns).

spardeous the Digger (Felid Earth Elementalist)      Turns: 999, Time: 00:03:13

Health: -1/14      AC:  1    Str:  4    XL:     3   Next: 25%
Magic:  2/7        EV: 18    Int: 18    God:
Gold:   105        SH:  0    Dex: 16    Spells: 5/6 levels left
                                        Lives:  0   Deaths: 0

rFire   . . .        (weapon unavailable)
rCold   . . .        (shield unavailable)
rNeg    . . .        (body armour unavailable)
rPois   .            (helmet unavailable)
rElec   .            (cloak unavailable)
rCorr   .            (gloves unavailable)
SInv    +            (boots unavailable)
Will    .....        d - amulet of regeneration
Stlth   ++           (no ring)
HPRegen 1.02/turn    (no ring)
MPRegen 0.10/turn

%: no passive effects
@: quick
A: very small, claws 1, fangs 3, see invisible, speed 1, shaggy fur 1, stealthy
paws, no weapons or thrown items, no armour, multi-lived
a: no special abilities


You were in a sewer.
You visited 1 branch of the dungeon, and saw 4 of its levels.
You also visited: Sewer.

You collected 105 gold pieces.

Inventory:

Jewellery
 d - an amulet of regeneration (around neck)
Scrolls
 b - a scroll of torment {unknown}
 c - 2 scrolls of enchant weapon {unknown}
 f - a scroll of fear {unknown}
 g - a scroll of identify {unknown}
 i - a scroll of poison {unknown}
Potions
 a - a potion of magic
 e - a potion of curing {unknown}
 h - 2 potions of might {unknown}
 j - a potion of heal wounds {unknown}


   Skills:
 + Level 3.5 Dodging
 - Level 2.6 Stealth
 - Level 2.0 Spellcasting
 - Level 1.1 Transmutations
 * Level 3.6 Earth Magic


You had 5 spell levels left.
You knew the following spells:

 Your Spells              Type           Power      Damage    Failure   Level
a - Sandblast             Erth           28%        2d8       4%          1

Your spell library contained the following spells:

 Spells                   Type           Power      Damage    Failure   Level
 Passwall                 Tmut/Erth      8%         N/A       11%         2
 Stone Arrow              Conj/Erth      16%        3d8       26%         3
 Petrify                  Tmut/Erth      10%        N/A       56%         4
 Iskenderun's Battlesphe  Conj           1%         2d6       99%         5
 Iron Shot                Conj/Erth      4%         9d2       100%        6
 Spellforged Servitor     Conj/Summ      0%         N/A       100%        7


Dungeon Overview and Level Annotations

Branches:
Dungeon (4/15)              Sewer (1/1)
 Temple: D:4-7

Altars:

Annotations:
Sewer Pargi


Innate Abilities, Weirdness & Mutations

You have sharp claws.
You have razor-sharp teeth.
You have supernaturally acute eyesight. (SInv)
You cover ground quickly. (Speed+)
You are covered in fur. (AC +1)
Your paws help you pounce on unaware monsters.
You are incapable of wielding weapons or throwing items.
You cannot wear armour.
You gain extra lives every three experience levels.


Message History

The blast of sand hits Pargi.
Pargi is lightly wounded.
Pargi misses you. Pargi claws you. Pargi misses you.
You enter the shallow water.
Moving in this stuff is going to be slow.
Pargi barely misses you. Pargi claws you but does no damage. Pargi claws you.
Pargi barely misses you. Pargi claws you. x2
There is an empty arch of ancient stone here.
Casting: Sandblast (safe; 4% risk of failure)
Confirm with . or Enter, or press ? or * to list all spells.
Aiming: Sandblast (safe; 4% risk of failure)
Press: ? - help, Shift-Dir - straight line, f/p - Pargi
Aim: Pargi (77% to hit)
The blast of sand hits Pargi!
Pargi is moderately wounded.
Casting: Sandblast (safe; 4% risk of failure)
Confirm with . or Enter, or press ? or * to list all spells.
Aiming: Sandblast (safe; 4% risk of failure)
Press: ? - help, Shift-Dir - straight line, f/p - Pargi
Aim: Pargi (moderately wounded, 77% to hit)
The blast of sand hits Pargi.
Pargi is moderately wounded.
Pargi closely misses you. Pargi barely misses you. Pargi completely misses you.
Pargi bites you!
Ouch! That really hurt!
Pargi completely misses you. Pargi misses you.
Casting: Sandblast (safe; 4% risk of failure)
Confirm with . or Enter, or press ? or * to list all spells.
Aiming: Sandblast (safe; 4% risk of failure)
Press: ? - help, Shift-Dir - straight line, f/p - Pargi
Aim: Pargi (moderately wounded, 77% to hit)
The blast of sand hits Pargi!
Pargi is heavily wounded.
Pargi misses you. Pargi claws you. Pargi misses you.
You enter the shallow water.
Moving in this stuff is going to be slow.
Pargi bites you. Pargi claws you.
* * * LOW HITPOINT WARNING * * *
Pargi claws you.
You die...

####################
#.##.##.##.##.##[##.
#†##.##.##.##.##.##.
#'##'##'##'##'##'##'
#######.T@................
~~~~~~#~~~~~~~~~.~~~~~~~~~
≈≈≈≈≈≈#≈≈≈≈≈≈≈≈≈∩≈≈≈≈≈≈≈≈≈
~~~~~~#~~~~~~~~~.~~~~~~~~~
#######...................
#+##+##+##.##)##'##+
#.##.##.# #∩##.##(#
#########


You could see Pargi.

Vanquished Creatures
  An ufetubus (D:4)
  2 worms (D:4)
  2 orcs (D:3)
  5 bats
  An endoplasm (D:3)
  3 goblins
  2 hobgoblins (D:3)
  5 kobolds
  A quokka (D:2)
  A ball python (D:2)
  A frilled lizard (Sewer)
24 creatures vanquished.

Notes
Turn   | Place    | Note
-------+----------+-------------------------------------------
     0 | D:1      | spardeous the Felid Earth Elementalist began the quest for
                  | the Orb.
     0 | D:1      | Reached XP level 1. HP: 7/7 MP: 4/4
   266 | D:2      | Reached XP level 2. HP: 11/11 MP: 3/6
   651 | D:4      | Found a glowing drain.
   665 | D:4      | Reached XP level 3. HP: 14/14 MP: 4/7
   729 | Sewer    | Entered a sewer
   859 | Sewer    | Noticed Pargi
   999 | Sewer    | Slain by Pargi

Illustrated notes

Levels and vault maps discovered:
D:1:      dpeg_arrival_three_smaller_balls, layout_basic, lemuel_flame_loot_1
D:2:      layout_rooms, minmay_misc_feat_columns, minmay_misc_feat_ornament
D:3:      minmay_razor_zed, layout_loops_ring, grunt_temple_overflow_diamond,
          uniq_grinder
D:4:      layout_loops_corners, mainiacjoe_overflow_alcove_2,
          cheibrodos_sewer_entry_bend, hangedman_decor_growths
Sewer:    kennysheep_door_sewer

Skill      XL: |  1 |
---------------+----+-----
Earth Magic    | 3 |  3.6
Dodging        | 3 |  3.5
Stealth        | |  2.6
Spellcasting   | |  2.0
Transmutations | |  1.1

Action                     || total
---------------------------++-------
   Cast: Sandblast         ||    52
 Armour: Skin              ||     7
  Dodge: Dodged            ||    61
